 Dungeon Sprint DCSS version 0.20-a0-1109-ge3cd172 (webtiles) character file.

567 potatolord5000 the Fighter (level 7, 0/69 HPs)
             Began as a Red Draconian Fighter on May 5, 2017.
             Succumbed to poison (poison gas)
             ... in the Dungeon (Sprint II: "The Violet Keep of Menkaure").
             The game lasted 00:01:21 (41 turns).

potatolord5000 the Fighter (Red Draconian Fighter)    Turns: 41, Time: 00:01:22

Health: 0/69       AC:  6    Str: 23    XL:     7   Next: 11%
Magic:  7/7        EV: 13    Int:  9    God:
Gold:   0          SH: 11    Dex: 10    Spells: 6/6 levels left

rFire    + . .     SeeInvis .   a - +0 war axe
rCold    . . .     Gourm    .   b - +0 shield
rNeg     . . .     Faith    .   (armour unavailable)
rPois    .         Spirit   .   (helmet restricted)
rElec    .         Reflect  .   (no cloak)
rCorr    .         Harm     .   (no gloves)
MR       .....     NoTele   +   (no boots)
Stlth    +++.......             (no amulet)
Regen    0.3/turn               (no ring)
MPRegen  0.1/turn               (no ring)

@: mighty, lethally poisoned (0 -> -9), hasted, very quick
A: breathe fire, unfitting armour, fire resistance 1, weak 1, cold-blooded, AC
+6
a: Breathe Fire


You were in the Dungeon.
You were not hungry.

You visited 1 branch

Inventory:

Hand Weapons
 a - a +0 war axe (weapon)
Armour
 b - a +0 shield (worn)
Scrolls
 j - a scroll of blinking
Potions
 h - 2 potions of magic
 i - a potion of berserk rage
Comestibles
 d - a bread ration


   Skills:
 + Level 8.3 Fighting
 + Level 7.1 Axes
 + Level 6.8 Dodging
 + Level 6.8 Stealth
 + Level 7.5 Shields


You had 6 spell levels left.
You didn't know any spells.

Dungeon Overview and Level Annotations

Branches:
Dungeon (1/1)

Altars:


Innate Abilities, Weirdness & Mutations

You can breathe blasts of fire.
Your fiery red scales are hard. (AC +6)
You cannot fit into any form of body armour.
Your flesh is heat resistant. (rF+)
You are cold-blooded and may be slowed by cold attacks.
You are weak. (Str -2)


Message History

[Y]es or [N]o only, please.
This door is marked as excluded!
Open it anyway?
You open the door.
* * * LOW HITPOINT WARNING * * *
You feel sick.
You slice the crocodile!!
The crocodile is almost dead.
* * * LOW HITPOINT WARNING * * *
You feel sick.
The crocodile is engulfed in poison gas.
The crocodile is poisoned.
The crocodile closely misses you.
You slash the crocodile!
You kill the crocodile!
Your Axes skill increases to level 7!
You have reached level 7!
Your scales start taking on a fiery red colour.
You learn Fire Magic much quicker.
You learn Ice Magic much slower.
You can breathe blasts of fire.
You feel resistant to heat.
You die...

≈≈§≈§≈≈##
§§§≈§§§##
§§8§§≈§≈#
§§≈≈≈§#
§§≈≈≈#
#≈≈#+++#§§'##
≈≈≈..t§§....#
##§## ##.@.#
#.##..#
##.#### ##'#
##.## +.<.+
##.## #+#


You could see an obsidian statue.

Vanquished Creatures
  4 neqoxecs (D)
  A crocodile (D)
5 creatures vanquished.

Notes
Turn   | Place    | Note
-------+----------+-------------------------------------------
     0 | D        | potatolord5000 the Draconian Fighter began the quest for the Orb.
     0 | D        | Reached XP level 1. HP: 19/19 MP: 1/1
     1 | D        | Noticed a neqoxec
     6 | D        | Noticed an iron imp
     6 | D        | Noticed an iron imp
    10 | D        | Killed a neqoxec
    10 | D        | Reached skill level 5 in Fighting
    10 | D        | Reached skill level 5 in Shields
    10 | D        | Reached XP level 2. HP: 16/30 MP: 2/2
    10 | D        | Reached XP level 3. HP: 20/37 MP: 3/3
    10 | D        | Reached XP level 4. HP: 24/44 MP: 4/4
    13 | D        | Noticed a neqoxec
    14 | D        | Noticed a neqoxec
    14 | D        | Noticed an obsidian statue
    14 | D        | Noticed a neqoxec
    17 | D        | Killed a neqoxec
    17 | D        | Reached skill level 6 in Fighting
    17 | D        | Reached skill level 5 in Axes
    17 | D        | Reached skill level 5 in Dodging
    17 | D        | Reached skill level 5 in Stealth
    17 | D        | Reached XP level 5. HP: 29/51 MP: 5/5
    22 | D        | Gained mutation: You are weak. (Str -2) [a neqoxec]
    25 | D        | Killed a neqoxec
    25 | D        | Reached skill level 7 in Fighting
    25 | D        | Reached XP level 6. HP: 9/61 MP: 6/6
    36 | D        | Killed a neqoxec
    36 | D        | Reached skill level 8 in Fighting
    37 | D        | HP: 3/61 [poison (poison gas)]
    40 | D        | HP: 1/61 [poison (poison gas)]
    41 | D        | Your scales start taking on a fiery red colour.
    41 | D        | Reached XP level 7. HP: 1/69 MP: 7/7
    41 | D        | Gained mutation: Your flesh is heat resistant. (rF+) [Red Draconian growth]
    41 | D        | Succumbed to poison (poison gas)

Vault maps used:
D:        the_violet_keep_of_menkaure

Skill      XL: |  1  2  3  4  5  6 |
---------------+-------------------+-----
Fighting       | 5 6 7 8 |  8.3
Axes           | 4 5 6 7 |  7.1
Dodging        | 4 5 6 |  6.8
Stealth        | 4 5 6 |  6.8
Shields        | 5 6 7 |  7.5

Action                   |  1- 3 |  4- 6 |  7- 9 || total
-------------------------+-------+-------+-------++-------
Melee: War axe           |     7 |    20 |       ||    27
       Tailslap          |     1 |     3 |       ||     4
  Use: Potion            |     2 |     2 |       ||     4
Armor: Skin              |     1 |     5 |       ||     6
Dodge: Dodged            |     2 |    14 |       ||    16
Block: Shield            |       |    12 |       ||    12
